Map: Ley Lines

Players

MKLOL

  • Race: Protoss Protoss
  • League: Diamond
  • Spawn Location: 1:00

OtroNOmbre - Winner!

  • Race: Terran Terran
  • League: Diamond
  • Spawn Location: 7:00

VOD

Have the link to the VOD?

Description

Time

  • Played on: April 25, 2025, 10:38 a.m.
  • Length: 18:08
Show
View Real Time Build Order
Export as new Build Order

MKLOL Protoss 

Build Orders: Carriers 

Get SALT Encoding   

  12  0:00  Probe  
  13  0:12  Probe  
  14  0:17  Pylon  
  14  0:24  Probe  
  15  0:33  Probe  
  15  0:36  Gateway  
  15  0:41  Probe  
  16  0:48  Assimilator  
  17  0:51  Probe  
  18  1:03  Probe  
  19  1:15  Probe  
  20  1:24  Cybernetics Core  
  20  1:31  Probe  
  20  1:32  Gateway  
  20  1:39  Probe  
  21  1:40  Pylon  
  22  1:55  Stalker  
  22  1:56  Nexus  
  22  1:59  Probe  
  25  2:13  Warp Gate  
  25  2:20  Assimilator  
  25  2:21  Probe  
  26  2:25  Adept  
  28  2:36  Probe  
  29  2:40  Stalker  
  31  3:08  Probe  
  31  3:14  Probe  
  31  3:18  Probe  
  32  3:21  Twilight Council  
  32  3:22  Probe  
  32  3:24  Gateway  
  32  3:26  Probe  
  34  3:30  Robotics Facility, Probe  
  34  3:46  Charge  
  34  3:47  Probe x2  
  36  3:56  Nexus  
  36  3:59  Probe  
  36  4:00  Probe  
  38  4:08  Pylon  
  38  4:11  Observer, Probe  
  38  4:12  Probe  
  40  4:23  Probe  
  40  4:24  Probe  
  43  4:25  Immortal  
  43  4:26  Pylon  
  47  4:35  Probe  
  47  4:36  Probe  
  49  4:45  Shield Battery  
  49  4:47  Probe  
  49  4:48  Sentry  
  49  4:52  Pylon  
  52  4:54  Stalker x2  
  56  5:02  Probe  
  56  5:03  Probe  
  58  5:08  Probe  
  58  5:09  Pylon  
  58  5:12  Zealot  
  61  5:14  Probe  
  61  5:15  Probe  
  61  5:20  Probe  
  64  5:22  Blink  
  64  5:26  Probe  
  64  5:27  Probe  
  66  5:29  Zealot  
  66  5:30  Zealot  
  66  5:35  Zealot  
  72  5:36  Probe x2  
  72  5:39  Probe  
  75  5:46  Probe  
  75  5:47  Probe, Gateway x2  
  75  5:52  Zealot  
  75  5:54  Probe, Zealot  
  78  6:13  Zealot  
  78  6:14  Zealot x2  
  78  6:21  Probe x2  
  74  6:40  Probe, Zealot x3  
  74  6:41  Probe x2  
  74  6:44  Gateway  
  83  6:47  Gateway  
  83  6:49  Probe x3  
  83  6:50  Gateway  
  83  6:51  Sentry x2  
  90  6:56  Stargate  
  90  6:57  Probe  
  90  6:58  Nexus  
  90  7:00  Pylon  
  91  7:03  Probe  
  92  7:10  Probe  
  92  7:11  Pylon  
  92  7:14  Assimilator  
  93  7:17  Assimilator  
  93  7:18  Probe  
  94  7:23  Probe x2  
  96  7:31  Probe  
  96  7:35  Probe  
  96  7:36  Zealot x3  
  97  7:40  Fleet Beacon  
  97  7:41  Probe  
  97  7:42  Assimilator  
  97  7:43  Probe  
  99  7:46  Zealot  
  99  7:47  Zealot x4  
  99  7:48  Assimilator  
  99  7:50  Assimilator  
  109  7:52  Probe  
  109  7:53  Probe  
  109  7:54  Assimilator  
  109  7:55  Probe  
  98  8:02  Stalker  
  98  8:03  Stalker x2  
  96  8:09  Sentry x3  
  96  8:10  Sentry  
  94  8:20  Stalker  
  94  8:23  Probe x4  
  100  8:30  Zealot x6  
  100  8:31  Carrier  
  112  8:44  Observer  
  112  8:47  Nexus  
  119  8:49  Pylon  
  119  8:50  Probe  
  119  8:51  Probe x3  
  123  9:02  Observer  
  124  9:04  Pylon  
  124  9:09  Stargate  
  124  9:11  Pylon  
  124  9:13  Probe  
  124  9:14  Stargate, Probe x3, Pylon  
  127  9:18  Stalker x2  
  127  9:22  Pylon  
  131  9:29  Stalker  
  131  9:30  Stalker x2, Pylon  
  127  9:37  Stalker x3  
  123  9:42  Stalker, Shield Battery  
  123  9:43  Stalker  
  113  10:01  Stalker  
  113  10:04  Stalker x3  
  108  10:12  Stalker x3  
  107  10:26  Stalker x2  
  107  10:27  Carrier x2  
  107  10:30  Observer  
  107  10:33  Carrier  
  97  10:40  Stalker x3  
  97  10:41  Stalker x2  
  126  10:46  Probe x3  
  129  10:51  Stalker x3  
  135  11:03  Probe  
  135  11:04  Probe x3  
  129  11:06  Probe  
  132  11:12  Probe x2  
  132  11:16  Carrier  
  132  11:17  Carrier  
  132  11:18  Probe, Pylon  
  135  11:23  Observer  
  135  11:24  Stalker  
  135  11:25  Protoss Air Weapons Level 1, Cybernetics Core  
  138  11:34  Forge, Carrier  
  138  11:36  Observer  
  150  11:42  Probe x2  
  150  11:43  Probe x2  
  160  11:49  Stalker  
  160  11:54  Probe x2  
  164  12:04  Pylon  
  164  12:08  Photon Cannon  
  164  12:11  Carrier, Photon Cannon  
  164  12:14  Photon Cannon  
  164  12:17  Photon Cannon  
  164  12:20  Tempest  
  164  12:21  Photon Cannon  
  164  12:22  Photon Cannon  
  172  12:40  Stalker x5  
  172  12:42  Protoss Ground Weapons Level 1  
  182  13:00  Pylon  
  182  13:06  Protoss Air Armor Level 1  
  182  13:11  Carrier x2  
  194  13:22  Carrier  
  194  13:28  Templar Archives  
  177  13:53  Zealot  
  177  13:54  Zealot x7, Psionic Storm  
  187  13:57  Probe x2  
  189  14:10  Carrier  
  189  14:15  Pylon  
  189  14:16  Nexus  
  195  14:19  Pylon  
  194  14:30  Carrier x2  
  184  14:35  High Templar x4  
  184  14:47  Zealot x4  
  190  15:00  Nexus  
  190  15:01  Pylon  
  188  15:07  Carrier  
  188  15:12  Pylon  
  188  15:13  High Templar x2  
  192  15:34  Carrier  
  197  15:42  Carrier  
  169  16:04  High Templar x3  
  171  16:05  Zealot x5  
  171  16:11  Probe x2, Carrier  
  193  16:17  Probe x2  
  195  16:23  Nexus  
  193  16:25  Pylon  
  193  16:36  Carrier  
  197  16:42  Zealot  
  199  16:59  Carrier  
  143  17:19  High Templar x2, Nexus  
  141  17:23  Unknown  
  141  17:26  Zealot x6  
  142  17:54  High Templar  
  142  17:55  Zealot  
  142  17:56  Zealot x6  
Show
View Real Time Build Order
Export as new Build Order

OtroNOmbre Terran - Winner!

Build Orders: 2 Factory, Command Center First 

Get SALT Encoding   

  12  0:00  SCV  
  13  0:12  SCV  
  14  0:18  Supply Depot  
  14  0:24  SCV  
  15  0:40  SCV  
  16  0:52  SCV  
  17  1:00  Command Center  
  17  1:04  SCV  
  18  1:11  Refinery  
  18  1:16  SCV  
  19  1:28  SCV  
  19  1:31  Barracks  
  20  1:40  SCV  
  20  1:44  Refinery  
  21  1:52  SCV  
  22  2:05  SCV  
  23  2:20  Orbital Command  
  23  2:22  Barracks Tech Lab  
  23  2:26  Orbital Command, Factory  
  23  2:40  Marauder  
  25  2:45  SCV  
  26  2:54  SCV  
  26  2:57  SCV  
  28  3:03  Concussive Shells  
  28  3:04  Marauder  
  30  3:08  Orbital Command  
  30  3:20  SCV  
  30  3:21  Factory Tech Lab  
  30  3:23  Factory  
  31  3:45  SCV x2  
  31  3:47  Mag-Field Accelerator, Cyclone  
  34  3:57  SCV  
  34  3:58  SCV  
  36  4:07  Refinery  
  36  4:09  SCV  
  37  4:10  SCV, Refinery  
  37  4:12  Command Center  
  37  4:13  Factory Reactor  
  38  4:26  Supply Depot  
  38  4:30  Supply Depot  
  38  4:44  Factory  
  38  4:47  Factory  
  38  4:48  SCV x2, Cyclone  
  38  4:50  Widow Mine  
  38  4:52  Widow Mine  
  47  4:59  Supply Depot  
  47  5:00  SCV x2  
  49  5:12  SCV x2  
  51  5:24  SCV  
  51  5:25  Orbital Command, Cyclone  
  51  5:27  Supply Depot  
  51  5:28  Factory Tech Lab  
  55  5:30  Widow Mine  
  55  5:31  Factory Tech Lab, Widow Mine  
  59  5:36  Armory, SCV x2  
  61  5:48  SCV x2  
  61  5:49  Cyclone  
  66  5:50  Supply Depot, Cyclone  
  66  5:55  Widow Mine x2  
  73  6:00  SCV  
  73  6:01  SCV, Cyclone  
  74  6:12  SCV  
  75  6:20  SCV  
  75  6:25  SCV  
  72  6:40  SCV  
  72  6:41  SCV  
  72  6:44  Cyclone  
  72  6:45  Cyclone x2  
  72  6:46  Widow Mine  
  72  6:47  Widow Mine  
  87  6:48  Drilling Claws  
  87  6:53  SCV x2  
  89  7:01  Supply Depot  
  89  7:02  Supply Depot  
  89  7:03  Supply Depot  
  89  7:04  Orbital Command  
  89  7:05  SCV x2  
  91  7:11  Widow Mine  
  93  7:21  Factory  
  93  7:22  Factory x2  
  93  7:23  Widow Mine, SCV x2, Cyclone  
  93  7:25  Cyclone  
  97  7:35  SCV x2  
  99  7:41  SCV  
  99  7:43  Cyclone  
  99  7:44  Refinery x2  
  103  7:47  SCV x2  
  105  7:53  SCV  
  105  7:55  Cyclone  
  105  7:57  Cyclone  
  105  7:58  Widow Mine x2  
  116  7:59  SCV  
  117  8:41  Command Center  
  117  8:45  Factory Tech Lab x2  
  117  8:47  Factory Tech Lab  
  117  8:49  Terran Vehicle And Ship Armor Level 1  
  117  8:51  Supply Depot  
  117  8:52  Supply Depot x2  
  117  8:59  SCV x2, Cyclone x3  
  128  9:12  Siege Tank x2  
  128  9:13  Widow Mine x2  
  128  9:14  Siege Tank  
  132  9:38  Siege Tank  
  132  9:39  Siege Tank, Cyclone  
  132  9:44  Cyclone  
  144  9:52  Cyclone x2  
  135  10:11  Cyclone x2  
  138  10:17  Widow Mine, Cyclone x2  
  146  10:24  Cyclone x2  
  131  10:45  Starport x2, SCV x3  
  131  10:46  Starport  
  131  10:48  Orbital Command, Refinery  
  134  10:51  Refinery  
  122  11:23  Starport, Starport Reactor x3  
  122  11:28  Terran Vehicle And Ship Armor Level 2  
  122  11:30  Armory  
  122  11:31  Armory  
  122  11:32  Cyclone x3  
  131  11:53  Widow Mine x2  
  139  11:54  Widow Mine x2  
  139  12:00  Viking x6  
  153  12:02  Starport Reactor  
  151  12:20  Terran Vehicle Weapons Level 1  
  151  12:21  Terran Ship Weapons Level 1  
  151  12:29  Viking  
  151  12:31  Command Center, Viking x4  
  151  12:32  Viking  
  161  12:44  Supply Depot  
  161  12:45  Viking x2  
  161  12:47  Refinery  
  165  12:52  Refinery  
  163  12:59  Viking  
  163  13:01  Viking  
  163  13:03  Viking x3  
  163  13:04  Viking  
  175  13:15  Viking  
  157  13:52  Cyclone x3  
  157  13:53  Cyclone x2  
  157  13:54  Widow Mine x2  
  171  14:11  Barracks  
  171  14:14  Cyclone  
  171  14:15  Widow Mine x2  
  169  15:20  Cyclone  
  169  15:21  Widow Mine, Cyclone x4  
  177  15:22  Widow Mine x2  
  177  15:23  Orbital Command  
  177  15:43  Cyclone  
  145  16:03  Siege Tank x3, Cyclone x2  
  160  16:05  Viking x4  
  160  16:06  Viking x3  
  174  16:20  Widow Mine x2  
  167  16:29  Command Center  
  164  16:42  Viking x4  
  164  16:43  Viking x4  
  164  17:12  Viking x2  
  164  17:19  Cyclone x4  
  164  17:20  Viking  
  178  17:26  Command Center  
  178  17:27  SCV x2  
  180  17:31  Cyclone x2  
Tags
 
Add a new tag
Caveats
  • Supply blocks, unpowered buildings, or Contaminate may cause inaccurate times.
  • Supply counts are checked every 10 seconds.